 Dungeon Crawl Stone Soup version 0.18.1-48-g4cf74bf (webtiles) character file.

2450 PossumBlood the Cleaver (level 9, -2/84 HPs)
             Began as a Minotaur Fighter on Aug 17, 2016.
             Was a Priest of Okawaru.
             Slain by an unseen horror (6 damage)
             ... on level 7 of the Dungeon.
             The game lasted 00:11:35 (4921 turns).

PossumBlood the Cleaver (Minotaur Fighter)          Turns: 4921, Time: 00:11:36

Health: -2/84      AC: 14    Str: 25    XL:     9   Next: 25%
Magic:  8/8        EV:  4    Int:  8    God:    Okawaru [***...]
Gold:   147        SH:  9    Dex:  9    Spells: 0 memorised, 8 levels left

rFire  + . .     SeeInvis .     a - +0 war axe
rCold  . . .     Gourm    .     n - +0 plate armour
rNeg   . . .     Faith    +     c - +0 shield
rPois  .         Spirit   .     (helmet restricted)
rElec  .         Dismiss  .     y - +0 cloak
rCorr  .         Reflect  .     z - +0 pair of gloves
SustAt .         Harm     .     k - +0 pair of boots
MR     ++...                    l - amulet of faith
Stlth  ..........               o - ring of protection from fire
                                q - ring of the Mage {Wiz MR++ Int+3}

@: drained, very resistant to hostile enchantments, extremely unstealthy
A: retaliatory headbutt, horns 2
a: Heroism, Renounce Religion


You were on level 7 of the Dungeon.
You worshipped Okawaru.
Okawaru was most pleased with you.
You were not hungry.

You visited 2 branches of the dungeon, and saw 8 of its levels.

You collected 147 gold pieces.

Inventory:

Hand Weapons
 a - a +0 war axe (weapon)
Missiles
 r - 6 tomahawks (quivered)
Armour
 c - a +0 shield (worn)
 k - a +0 pair of boots (worn)
 n - a +0 plate armour (worn)
 y - a +0 cloak (worn)
 z - a +0 pair of gloves (worn)
Jewellery
 i - an uncursed ring of stealth
 l - an amulet of faith (around neck)
 o - a ring of protection from fire (right hand)
 q - the ring of the Mage (left hand) {Wiz MR++ Int+3}
   (You found it on level 6 of the Dungeon)

   [ring of wizardry]

   It improves your spell success rate.
   It affects your intelligence (+3).
   It affects your resistance to hostile enchantments.
Wands
 e - a wand of iceblast (2/15)
 g - a wand of iceblast (8/15)
 x - a wand of flame (7/48)
 B - a wand of random effects (25/48)
Scrolls
 m - 2 scrolls of teleportation
 p - 3 scrolls of remove curse
 v - 2 scrolls of amnesia
 C - 3 scrolls of magic mapping
 E - a scroll of blinking {unknown}
 G - a scroll of identify
Potions
 b - 2 potions of cure mutation {unknown}
 d - a potion of might
 h - 2 potions of magic {unknown}
 j - 2 potions of lignification
 t - a potion of flight {unknown}
 u - 2 potions of invisibility {unknown}
 A - a potion of heal wounds {unknown}
 D - a potion of ambrosia {unknown}
Comestibles
 f - 4 bread rations
 s - 3 beef jerkies
 F - a meat ration


   Skills:
 + Level 9.6(9.1) Fighting
 * Level 12.0(11.4) Axes
 - Level 3.6(3.2) Armour
 - Level 3.6(3.2) Shields


You had 8 spell levels left.
You didn't know any spells.

Dungeon Overview and Level Annotations

Branches:
Dungeon (7/15)             Temple (1/1) D:5

Altars:
Ashenzari
Cheibriados
Dithmenos
Elyvilon
Fedhas
Gozag
Kikubaaqudgha
Makhleb
Nemelex Xobeh
Okawaru
Pakellas
Qazlal
Ru
Sif Muna
Trog
Vehumet
Xom
Yredelemnul
Zin
The Shining One

Shops:
D:6 :

Annotations:
D:7 Joseph


Innate Abilities, Weirdness & Mutations

You reflexively headbutt those who attack you in melee.
You have a pair of horns on your head.


Message History

Read which item? (? for menu, Esc to quit)
As you read the scroll of teleportation, it crumbles to dust.
You feel strangely unstable. Something hits you but does no damage.
Joseph, a Mercenary comes into view.
He is wielding a quarterstaff of crushing.
Joseph shouts!
Joseph unwields an uncursed quarterstaff of crushing.
Joseph wields a hunting sling.
Joseph shoots a sling bullet.
The sling bullet hits you but does no damage.
You see here a sling bullet.
Joseph shoots a sling bullet.
You block the sling bullet.
You see here a sling bullet.
Your surroundings suddenly seem different.
Something hits you but does no damage. x2
A quokka comes into view.
You block something's attack. You block something's attack.
Something hits you but does no damage. Something hits you.
* * * LOW HITPOINT WARNING * * *
Something hits you.
You die...

...# #.....#.# ## #..#
#######.#.#.#.# .# #..#
#...........#.# .####..#
#.#####.#.#.#.#
.......######.#####.....#@#
..#.##.##..........##..#..#
.###.#.##.###.####.##.###.#
## ##.....# #.####.###.#@.#
.###.#.#### #...@.......#.#
..#....# ######.######(#
#...#### #r# #(# ......#
#.######(# ##........
#......!...# #.##.....
....########## #.# #####
#.#... #.# ...# #.# ####


There were no monsters in sight!

Vanquished Creatures
  Prince Ribbit (D:5)
  Sigmund (D:6)
  Eustachio (D:6)
  A hungry ghost (D:7)
  A hippogriff (D:6)
  Menkaure (D:6)
  Edmund (D:5)
  A necrophage (D:7)
  A phantom (D:5)
  A sky beast (D:7)
  3 ogres
  Blork the orc (D:6)
  A giant frog (D:6)
  A scorpion (D:4)
  3 wights (D:7)
  3 howler monkeys
  A centaur zombie (D:6)
  3 hounds
  A quasit (D:5)
  An orc priest (D:7)
  A jelly (D:6)
  2 orc wizards
  Crazy Yiuf (D:5)
  Jessica (D:3)
  3 worker ants
  Terence (D:2)
  A hound zombie (D:5)
  A hound skeleton (D:4)
  7 gnolls
  7 adders
  2 oozes
  An adder skeleton (D:7)
  3 worms
  A dart slug (D:2)
  3 giant geckos
  11 orcs
  2 giant cockroaches
  11 goblins
  2 hobgoblins (D:3)
  12 jackals
  11 kobolds
  6 quokkas
  10 bats
  8 giant newts
  A jackal skeleton (D:4)
  5 rats
142 creatures vanquished.

Notes
Turn   | Place    | Note
--------------------------------------------------------------
     0 | D:1      | PossumBlood the Minotaur Fighter began the quest for the Orb.
     0 | D:1      | Reached XP level 1. HP: 19/19 MP: 0/0
   216 | D:1      | Reached XP level 2. HP: 27/27 MP: 1/1
   369 | D:1      | Reached skill level 3 in Axes
   731 | D:2      | Reached XP level 3. HP: 26/33 MP: 2/2
   736 | D:2      | Reached skill level 4 in Axes
   808 | D:2      | Reached XP level 4. HP: 38/41 MP: 3/3
   922 | D:2      | Found a faded altar to an unknown god.
  1017 | D:2      | Reached skill level 5 in Fighting
  1187 | D:2      | Noticed Terence
  1193 | D:2      | Killed Terence
  1193 | D:2      | Reached skill level 5 in Axes
  1234 | D:2      | Found a radiant altar of Vehumet.
  1288 | D:2      | Found a glowing golden altar of the Shining One.
  1417 | D:3      | Noticed Jessica
  1423 | D:3      | Killed Jessica
  1423 | D:3      | Reached XP level 5. HP: 44/48 MP: 4/4
  2516 | D:4      | Reached skill level 6 in Axes
  2516 | D:4      | Reached XP level 6. HP: 53/57 MP: 5/5
  2654 | D:5      | Entered Level 5 of the Dungeon
  2678 | D:5      | Reached skill level 7 in Axes
  2736 | D:5      | Reached XP level 7. HP: 58/64 MP: 6/6
  2822 | D:5      | Noticed Edmund
  2833 | D:5      | Killed Edmund
  2833 | D:5      | Reached skill level 8 in Axes
  3041 | D:5      | Found a staircase to the Ecumenical Temple.
  3048 | Temple   | Entered the Ecumenical Temple
  3103 | Temple   | Became a worshipper of Warmaster Okawaru
  3215 | D:5      | Noticed Prince Ribbit
  3229 | D:5      | Killed Prince Ribbit
  3229 | D:5      | Reached skill level 9 in Axes
  3337 | D:5      | Noticed Crazy Yiuf
  3341 | D:5      | Killed Crazy Yiuf
  3341 | D:5      | Reached * piety under Okawaru
  3341 | D:5      | Reached XP level 8. HP: 74/74 MP: 7/7
  3463 | D:5      | Found a blossoming altar of Fedhas.
  3732 | D:5      | Found a shimmering altar of Xom.
  3835 | D:6      | Found Wil Keczawu's Book Boutique.
  3839 | D:6      | Noticed Blork the orc
  3851 | D:6      | Killed Blork the orc
  3924 | D:6      | Reached skill level 10 in Axes
  3979 | D:6      | Found a white marble altar of Elyvilon.
  3979 | D:6      | Found a deep blue altar of Sif Muna.
  4079 | D:6      | Noticed Eustachio
  4094 | D:6      | Killed Eustachio
  4112 | D:6      | Noticed Menkaure
  4113 | D:6      | Noticed Sigmund
  4118 | D:6      | Reached ** piety under Okawaru
  4126 | D:6      | Killed Sigmund
  4127 | D:6      | Killed Menkaure
  4127 | D:6      | Reached skill level 11 in Axes
  4525 | D:6      | Found a shadowy altar of Dithmenos.
  4662 | D:7      | Reached XP level 9. HP: 77/83 MP: 8/8
  4683 | D:7      | Reached *** piety under Okawaru
  4786 | D:7      | Reached skill level 12 in Axes
  4875 | D:7      | HP: 1/84 [something (6)]
  4911 | D:7      | HP: 4/84 [something (6)]
  4914 | D:7      | Noticed Joseph
  4920 | D:7      | HP: 4/84 [something (2)]
  4921 | D:7      | Slain by an unseen horror

Skill      XL: |  1  2  3  4  5  6  7  8  9 |
---------------+----------------------------+-----
Fighting       | 4 5 6 7 9 |  9.6
Axes           | 3 4 5 6 7 9 11 12 | 12.0
Armour         | |  3.6
Shields        | |  3.6

Action                   |  1- 3 |  4- 6 |  7- 9 || total
-------------------------+-------+-------+-------++-------
Melee: War axe           |    52 |   188 |   174 ||   414
       Headbutt          |     8 |    22 |    39 ||    69
  Use: Scroll            |       |     9 |     4 ||    13
       Potion            |       |       |     4 ||     4
  Eat: Meat ration       |       |     1 |     2 ||     3
       Bread ration      |       |     1 |       ||     1
       Royal jelly       |       |       |     1 ||     1
Armor: Scale mail        |    21 |    15 |       ||    36
       Plate armour      |       |   106 |   133 ||   239
Dodge: Dodged            |    21 |    44 |    26 ||    91
Block: Shield            |    42 |    95 |    70 ||   207
